 Dungeon Crawl Stone Soup version 0.31-a0-75-g6fe912e8c5 (webtiles) character file.

Game seed: 17390993821200901936

87 loir the Sneak (level 4, -1/23 HPs)
             Began as a Spriggan Brigand on May 23, 2023.
             Slain by an ice beast (12 damage)
             ... on level 2 of the Dungeon.
             The game lasted 00:13:27 (2134 turns).

loir the Sneak (Spriggan Brigand)                   Turns: 2134, Time: 00:13:27

Health: -1/23      AC:  3    Str:  7    XL:     4   Next: 28%
Magic:  6/6        EV: 17    Int: 12    God:
Gold:   87         SH:  0    Dex: 18    Spells: 5/5 levels left

rFire   . . .        l - +2 dagger (venom)
rCold   . . .        (no shield)
rNeg    . . .        b - +0 robe
rPois   .            (helmet restricted)
rElec   .            c - +0 cloak
rCorr   .            (gloves unavailable)
SInv    +            (boots unavailable)
Will    .....        (no amulet)
Stlth   +++          (no ring)
HPRegen 0.23/turn    (no ring)
MPRegen 0.10/turn

%: no passive effects
@: very quick
A: very small, no large weapons, unfitting armour, see invisible, speed 3
a: no special abilities


You were on level 2 of the Dungeon.
You visited 1 branch of the dungeon, and saw 3 of its levels.

You collected 87 gold pieces.

Inventory:

Hand Weapons
 a - a +2 dagger
 l - a +2 dagger of venom (weapon)
Missiles
 d - 9 poisoned darts (quivered)
 e - 3 curare-tipped darts
 k - 4 stones
Armour
 b - a +0 robe (worn)
 c - a +0 cloak (worn)
Scrolls
 j - a scroll of immolation {unknown}
Potions
 f - a potion of curing {unknown}
 g - 2 potions of cancellation {unknown}
 h - 2 potions of degeneration {unknown}
 i - a potion of might {unknown}


   Skills:
 + Level 2.1 Fighting
 * Level 3.3 Short Blades
 + Level 2.5 Throwing
 + Level 2.3 Dodging
 + Level 6.3 Stealth
 + Level 1.0 Spellcasting


You had 5 spell levels left.
You didn't know any spells.
Your spell library was empty.

Dungeon Overview and Level Annotations

Branches:
Dungeon (3/15)

Altars:


Innate Abilities, Weirdness & Mutations

You are very small and have problems with some larger weapons.
You are too small for most types of armour.
You have supernaturally acute eyesight. (SInv)
You cover ground extremely quickly. (Speed+++)


Message History

There is a stone staircase leading down here.
You hit the orc.
The orc is poisoned.
The orc is heavily wounded.
You hit the orc.
The orc is almost dead.
You kill the orc!
You climb downwards.
The orc misses you.
The orc priest looks satisfied for a moment.
There is a stone staircase leading up here.
The orc closely misses you. The orc misses you.
You climb upwards.
There is a stone staircase leading down here.
You hit the orc.
The orc is lightly wounded.
The orc barely misses you.
You hit the orc.
The orc is heavily wounded.
The orc barely misses you.
You hit the orc.
You kill the orc!
You see here a +0 short sword.
There is a stone staircase leading down here.
Things that are here:
a +0 scale mail; a +0 club; an orc corpse
There is a stone staircase leading down here.
You climb downwards.
The hobgoblin barely misses you. The ice beast barely misses you.
The orc misses you. The orc hits you with a +0 flail.
The ice beast closely misses you. The orc closely misses you.
The hobgoblin hits you.
There is a stone staircase leading up, spattered with blood here.
The hobgoblin completely misses you. The ice beast misses you.
The orc barely misses you.
The orc hits you from afar with a +0 trident.
You climb upwards.
There is a stone staircase leading down here.
You barely miss the hobgoblin. You completely miss the hobgoblin.
The orc hits you but does no damage. The ice beast hits you.
The ice beast freezes you!
Ouch! That really hurt!
You die...

#.....#.###..#.###.#
##...###.#.........#
##.## ##.#..#.##..#
#.# ###......<.# #.#
#.##.##.## ##+##
#.##..#.# ##...##
#.###.#.# #.....##
#.###Y#.# .......##
#....g@)#
........####...o###
........'.......#
........####....#
.......## ##.#.#
#.....## ###.#####
##...## #.......#
##'## #.#.###.# #.#
#.#.###.#


You could see an ice beast, an orc and a hobgoblin.

Vanquished Creatures
  2 adders (D:2)
  A worm (D:2)
  3 orcs (D:2)
  2 bats
  3 endoplasms (D:1)
  5 giant cockroaches (D:1)
  7 goblins
  10 hobgoblins
  2 jackals (D:2)
  6 quokkas
  3 ball pythons
  5 frilled lizards
  4 kobolds
  2 rats
55 creatures vanquished.

Notes
Turn   | Place    | Note
-------+----------+-------------------------------------------
     0 | D:1      | loir the Spriggan Brigand began the quest for the Orb.
     0 | D:1      | Reached XP level 1. HP: 10/10 MP: 2/2
   266 | D:1      | Reached skill level 6 in Stealth
   276 | D:1      | Reached XP level 2. HP: 14/15 MP: 3/3
   601 | D:1      | Reached XP level 3. HP: 18/18 MP: 4/4
   684 | D:1      | Found a faded altar of an unknown god.
  1702 | D:2      | Reached XP level 4. HP: 23/23 MP: 4/6
  1864 | D:2      | Reached skill level 1 in Spellcasting
  2114 | D:3      | Noticed an ice beast
  2134 | D:2      | Slain by an ice beast

Illustrated notes

Levels and vault maps discovered:
D:1:      erik_arrival_orb_chamber, layout_basic,
          shapermc_ecumenical_altar_mp_highgroup,
          amcnicky_mini_rare_corridor_liquid, st_stairs_13
D:2:      layout_loops_corners, roderic_serpentine_path
D:3:      layout_rooms, kennysheep_generic_room_10

Skill      XL: |  1  2  3  4 |
---------------+-------------+-----
Stealth        | 6 |  6.3
Dodging        | 2 |  2.3
Fighting       | 2 |  2.1
Short Blades   | 3 |  3.3
Spellcasting   | 1 |  1.0
Throwing       | |  2.5

Action                     |  1- 3 |  4- 6 || total
---------------------------+-------+-------++-------
  Melee: Dagger            |   144 |    24 ||   168
         Punch             |     1 |       ||     1
    Use: Scroll            |     1 |       ||     1
   Stab: Sleeping          |    19 |     1 ||    20
 Armour: Robe              |    16 |     1 ||    17
  Dodge: Dodged            |    76 |    21 ||    97

Table legend: (Time is in decaauts)
 A = Elapsed time spent in this place.
 B = Non-inter-level travel time spent in this place.
 C = Inter-level travel time spent in this place.
 D = Time resting spent in this place.
 E = Time spent auto-exploring this place.
 F = Levels seen in this place.
 G = Mean time per level.
                   A        B        C        D        E       F      G
               +--------+--------+--------+--------+--------+-----+--------+
         Total |   1438 |   1387 |     51 |     79 |    980 |   3 |  479.3 |
       Dungeon |   1438 |   1387 |     51 |     79 |    980 |   3 |  479.3 |
               +--------+--------+--------+--------+--------+-----+--------+

Top non-repeatable levels by time:
     D:2: 790 daAuts
     D:1: 641 daAuts
     D:3: 6 daAuts
